 Dungeon Crawl Stone Soup version 0.25-a0-1114-g48d22fd (console) character file.

Game seed: 3750493832861230949, levelgen mode: deterministic

9 HarryHood the Cudgeler (level 2, -3/19 HPs)
             Began as a Gargoyle Berserker on May 16, 2020.
             Was a Follower of Trog.
             Slain by a worm (8 damage)
             ... on level 2 of the Dungeon.
             The game lasted 00:02:42 (109 turns).

HarryHood the Cudgeler (Gargoyle Berserker)          Turns: 109, Time: 00:02:42

Health: -3/19      AC:  8    Str: 20    XL:     2   Next: 12%
Magic:  2/2        EV: 11    Int:  7    God:    Trog [*.....]
Gold:   14         SH:  0    Dex:  9    Spells: 1/1 levels left

rFire    . . .     SeeInvis .   a - +0 mace
rCold    . . .     Gourm    .   (no shield)
rNeg     + . .     Faith    .   c - +0 ring mail
rPois    ∞         Spirit   .   (no helmet)
rElec    +         Reflect  .   (no cloak)
rCorr    .         Harm     .   (no gloves)
MR       .....                  (no boots)
Stlth    ..........             (no amulet)
HPRegen  0.06/turn              (no ring)
MPRegen  0.08/turn              (no ring)

@: no status effects
A: negative energy resistance 1, electricity resistance, unbreathing,
petrification resistance, rot immunity, AC +2
a: Berserk, Renounce Religion


You were on level 2 of the Dungeon.
You worshipped Trog.
Trog was aware of your devotion.
You were not hungry.

You visited 1 branch of the dungeon, and saw 2 of its levels.

You collected 14 gold pieces.

Inventory:

Hand Weapons
 a - a +0 mace (weapon)
Armour
 c - a +0 ring mail (worn)
Comestibles
 b - 2 chunks of flesh
 e - a ration {@e1}


   Skills:
 - Level 3.2 Fighting
 + Level 3.6 Maces & Flails
 - Level 2.1 Armour
 - Level 1.5 Dodging


You had one spell level left.
You didn't know any spells.
Your spell library was empty.

Dungeon Overview and Level Annotations

Branches:
Dungeon (1/15)

Altars:


Innate Abilities, Weirdness & Mutations

You are resistant to torment.
Your stone body is resilient. (AC +2)
You are immune to poison.
You resist negative energy. (rN+)
You are resistant to electric shocks. (rElec)
You can survive without breathing.
You are immune to petrification.
You are immune to rotting.


Message History

A worm comes into view.
The bat closely misses you.
You are too injured to fight recklessly!
You are too injured to fight recklessly!
You closely miss the bat. The bat barely misses you.
You are too injured to fight recklessly!
You see here a ration {@e1}.
You barely miss the bat. The bat hits you but does no damage.
The bat hits you but does no damage. The bat hits you but does no damage.
The bat hits you but does no damage. x2
You are too injured to fight recklessly!
You hit the bat but do no damage. The bat hits you but does no damage.
You hit the worm. The bat barely misses you. The worm bites you.
* * * LOW HITPOINT WARNING * * *
You take 4 damage, and have 5/19 hp.
MASSIVE DAMAGE!!
Your ring mail prevents you from hitting the worm.
The bat hits you but does no damage. x2; The worm closely misses you.
You closely miss the bat. The bat closely misses you. The worm bites you!
You die...

#.# ##### #.#
#h.. #.###.#
#.#...#
#.#.#.######..
#.(((.†.......
#.####b####..
######.# #...#%#
#...^..##..░.@##
#.####.#...%?w.#
#.# #...░$..░.[.
#.#
#.#..[....#.#
#.#
#.##..░..##.#
#.# #.#)#...#[ #
. #÷# ..####.##
.. #.# ........
...#.###.....


You could see a worm and a bat.

Vanquished Creatures
  A leopard gecko (D:2)
  A bat (D:1)
  A giant cockroach (D:2)
  A goblin (D:2)
  A hobgoblin (D:2)
  A jackal (D:2)
6 creatures vanquished.

Notes
Turn   | Place    | Note
-------+----------+-------------------------------------------
     0 | D:1      | HarryHood the Gargoyle Berserker began the quest for the
                  | Orb.
     0 | D:1      | Reached XP level 1. HP: 14/14 MP: 1/1
    48 | D:1      | You fall into a shaft and drop 1 floor!
    91 | D:2      | Reached XP level 2. HP: 10/19 MP: 2/2
   109 | D:2      | Slain by a worm

Illustrated notes

Levels and vault maps discovered:
D:1:      erik_arrival_blinker_ship, layout_basic
D:2:      layout_loops_ring, minmay_nonomino_d4

Action                   || total
-------------------------++-------
Melee: Mace              ||    19
Armor: Ring mail         ||    22
Dodge: Dodged            ||    19

Table legend:
 A = Non-vault XP
 B = Vault XP
 C = Vault XP percentage of total XP
 D = Non-vault monster count
 E = Vault monster count
 F = Vault count percentage of total count
                 A         B        C        D         E       F
            +---------+---------+-------+---------+---------+-------
      Total |       7 |       6 |  46.2 |       3 |       3 |  50.0
            +---------+---------+-------+---------+---------+-------
        D:1 |       2 |       0 |   0.0 |       1 |       0 |   0.0
        D:2 |       5 |       6 |  54.5 |       2 |       3 |  60.0
            +---------+---------+-------+---------+---------+-------
